 Dungeon Crawl Stone Soup version 0.21.0-22-g11d5b52 (webtiles) character file.

5 Monsterracer the Shooter (level 1, 0/12 HPs)
             Began as a Deep Elf Hunter on Jan 18, 2018.
             Slain by a giant cockroach (2 damage)
             ... on level 1 of the Dungeon.
             The game lasted 00:00:39 (90 turns).

Monsterracer the Shooter (Deep Elf Hunter)            Turns: 90, Time: 00:00:40

Health: 0/12       AC:  3    Str:  9    XL:     1   Next: 66%
Magic:  3/3        EV: 12    Int: 15    God:
Gold:   0          SH:  0    Dex: 15    Spells: 0/0 levels left

rFire    . . .     SeeInvis .   b - +0 short sword
rCold    . . .     Gourm    .   (no shield)
rNeg     . . .     Faith    .   f - +0 leather armour
rPois    .         Spirit   .   (no helmet)
rElec    .         Reflect  .   (no cloak)
rCorr    .         Harm     +   (no gloves)
MR       .....                  (no boots)
Stlth    ++........             e - amulet of harm
HPRegen  0.04/turn              (no ring)
MPRegen  0.08/turn              (no ring)

@: no status effects
A: no striking features
a: no special abilities


You were on level 1 of the Dungeon.
You were not hungry.

You visited 1 branch of the dungeon, and saw 1 of its levels.

Inventory:

Hand Weapons
 a - a +1 shortbow
 b - a +0 short sword (weapon)
Missiles
 d - 14 arrows
Armour
 f - a +0 leather armour (worn)
Jewellery
 e - an amulet of harm (around neck)
Comestibles
 c - a ration


   Skills:
 + Level 1.7 Fighting
 * Level 4.5 Bows
 + Level 2.5 Dodging
 - Level 1.2 Stealth


You couldn't memorise any spells.
You didn't know any spells.

Dungeon Overview and Level Annotations

Branches:
Dungeon (1/15)

Altars:


Message History

The kobold hits you but does no damage.
Firing (i - inventory):
d - 14 arrows (quivered)
Press: ? - help, Shift-Dir - straight line, f/p - frilled lizard
Aim: a frilled lizard (severely wounded)
You shoot an arrow. The arrow hits the frilled lizard.
You kill the frilled lizard!
The bat hits you but does no damage. The kobold hits you with a club.
You take 3 damage, and have 8/12 hp.
MASSIVE DAMAGE!!
You are too injured to fight recklessly!
You are too injured to fight recklessly!
You are too injured to fight recklessly!
You are too injured to fight recklessly!
Firing (i - inventory):
d - 13 arrows (quivered)
Press: ? - help, Shift-Dir - straight line, f - bat
Aim: a bat You shoot an arrow.
The arrow hits the bat.
You kill the bat!
The kobold barely misses you.
Firing (i - inventory):
d - 12 arrows (quivered)
Press: ? - help, Shift-Dir - straight line, f - kobold
Aim: a kobold, wielding a club You shoot an arrow.
The arrow hits the kobold!
You kill the kobold!
Firing (i - inventory):
d - 11 arrows (quivered)
Press: ? - help, Shift-Dir - straight line, f - rat
Aim: a rat You shoot an arrow.
The arrow hits the rat.
The rat is heavily wounded.
The rat bites you.
You take 1 damage, and have 7/12 hp.
Firing (i - inventory):
d - 10 arrows (quivered)
Press: ? - help, Shift-Dir - straight line, f/p - rat
Aim: a rat (heavily wounded)
You shoot an arrow. The arrow hits the rat.
You kill the rat!
d - 13 arrows (gained 4)
A rat comes into view.
Things that are here:
an arrow; a club; 2 stones You see here an arrow.
d - 14 arrows (gained 1)
b - a +0 short sword (weapon)
You closely miss the rat. The rat closely misses you.
You hit the rat but do no damage. The rat misses you.
You hit the rat.
You kill the rat!
A giant cockroach comes into view.
You see here a rat corpse.
You see here a mace.
The giant cockroach bites you.
* * * LOW HITPOINT WARNING * * *
You take 2 damage, and have 5/12 hp.
You barely miss the giant cockroach. The giant cockroach closely misses you.
Unknown command.
You completely miss the giant cockroach.
The giant cockroach barely misses you.
The giant cockroach bites you but does no damage.
You hit the giant cockroach but do no damage.
The giant cockroach closely misses you.
Unknown command.
You closely miss the giant cockroach.
The giant cockroach bites you but does no damage.
You hit the giant cockroach but do no damage.
The giant cockroach closely misses you.
The giant cockroach bites you but does no damage.
You closely miss the giant cockroach. The giant cockroach closely misses you.
Unknown command.
You barely miss the giant cockroach. The giant cockroach closely misses you.
You barely miss the giant cockroach.
The giant cockroach barely misses you. x2
You closely miss the giant cockroach. The giant cockroach barely misses you.
You hit the giant cockroach but do no damage.
The giant cockroach barely misses you.
Unknown command.
You closely miss the giant cockroach.
The giant cockroach completely misses you.
The giant cockroach barely misses you.
Unknown command.
You hit the giant cockroach but do no damage.
The giant cockroach misses you.
You completely miss the giant cockroach.
The giant cockroach closely misses you.
You barely miss the giant cockroach. The giant cockroach barely misses you.
The giant cockroach bites you.
* * * LOW HITPOINT WARNING * * *
You take 2 damage, and have 4/12 hp.
You barely miss the giant cockroach. The giant cockroach barely misses you.
You hit the giant cockroach but do no damage.
The giant cockroach bites you.
* * * LOW HITPOINT WARNING * * *
You take 2 damage, and have 2/12 hp.
You hit the giant cockroach but do no damage.
The giant cockroach bites you but does no damage. x2
You hit the giant cockroach.
The giant cockroach is severely wounded.
The giant cockroach bites you but does no damage.
Unknown command.
You hit the giant cockroach.
The giant cockroach is almost dead.
The giant cockroach bites you.
You die...

#......8# .# #.......##.#
##..?....#.# ###
.####.........###..
...............#.#
..............#.###.
........†........... .#
....(......(...#.# #..#
........s@(.#.##.##.#..#
.......................##
...8....##..#.##.##.....
...#######..#.##.# #.#
... #(.#.##.#####.# ##
#..#.##.†.....#
..(#.########.## (...#.#
#..# #. ##.##


You could see a giant cockroach.

Vanquished Creatures
  A goblin (D:1)
  A kobold (D:1)
  A bat (D:1)
  A frilled lizard (D:1)
  2 rats (D:1)
6 creatures vanquished.

Notes
Turn   | Place    | Note
-------+----------+-------------------------------------------
     0 | D:1      | Monsterracer the Deep Elf Hunter began the quest for the Orb.
     0 | D:1      | Reached XP level 1. HP: 12/12 MP: 3/3
    71 | D:1      | HP: 5/12 [giant cockroach (2)]
    85 | D:1      | HP: 4/12 [giant cockroach (2)]
    90 | D:1      | Slain by a giant cockroach

Action                   || total
-------------------------++-------
Melee: Short sword       ||    22
 Fire: Shortbow          ||    13
Armor: Leather armour    ||     9
Dodge: Dodged            ||    24

Vault maps used:
D:1:      lightli_arrival_quake, kennysheep_decorative_pillar
